 Dungeon Crawl Stone Soup version 0.27.1-3-gb3d3a73c9e (webtiles) character file.

Game seed: 18006478756160334640

198 jsc133 the Ruffian (level 5, 0/53 HPs)
             Began as a Troll Berserker on Oct 22, 2021.
             Was a Believer of Trog.
             Succumbed to a water moccasin's poison
             ... on level 4 of the Dungeon.
             The game lasted 00:11:47 (2190 turns).

jsc133 the Ruffian (Troll Berserker)                Turns: 2190, Time: 00:11:48

Health: 0/53       AC:  4    Str: 25    XL:     5   Next: 47%
Magic:  4/4        EV: 10    Int:  3    God:    Trog [**....]
Gold:   141        SH:  0    Dex: 10    Spells: 4/4 levels left

rFire    . . .     SeeInvis .     - Unarmed
rCold    . . .     Faith    .   (no shield)
rNeg     . . .     Spirit   .   a - +0 animal skin
rPois    .         Reflect  .   (helmet restricted)
rElec    .         Harm     .   (no cloak)
rCorr    .         Rampage  .   (gloves unavailable)
Will     .....                  (boots unavailable)
Stlth    +.........             (no amulet)
HPRegen  1.17/turn              (no ring)
MPRegen  0.09/turn              (no ring)

@: lethally poisoned (0 -> -6)
A: large, unfitting armour, claws 3, regeneration 1, shaggy fur 1, tough skin 1
a: Renounce Religion, Berserk, Trog's Hand


You were on level 4 of the Dungeon.
You worshipped Trog.
Trog was pleased with you.
You visited 1 branch of the dungeon, and saw 4 of its levels.

You collected 141 gold pieces.

Inventory:

Armour
 a - a +0 animal skin (worn)
Scrolls
 b - a scroll of amnesia {unknown}
 e - a scroll of silence {unknown}
Potions
 c - a potion of brilliance {unknown}
 f - a potion of degeneration
 g - a potion of curing {unknown}


   Skills:
 + Level 3.1 Fighting
 + Level 3.5 Dodging
 + Level 0.1 Stealth
 + Level 4.7 Unarmed Combat


You had 4 spell levels left.
You didn't know any spells.
Your spell library was empty.

Dungeon Overview and Level Annotations

Branches:
Dungeon (4/15)             Temple (0/1) D:4

Altars:

Shops:
D:3 *


Innate Abilities, Weirdness & Mutations

You are too large for most types of armour.
You have claws for hands.
Your natural rate of healing is unusually fast.
You are covered in fur. (AC +1)
You have tough skin. (AC +1)


Message History

You claw the black bear!
You kill the black bear!
Trog accepts your kill.
You have reached level 5!
You barely miss the water moccasin. The water moccasin bites you. x2
You are poisoned.
The water moccasin poisons you!
You scratch the water moccasin but do no damage.
You feel very sick.
The water moccasin completely misses you.
You miss the water moccasin.
You feel sick.
The water moccasin bites you but does no damage.
You barely miss the water moccasin.
You feel sick. The water moccasin bites you. x2
You completely miss the water moccasin.
You feel sick. The water moccasin bites you.
You are more poisoned.
The water moccasin poisons you!
You miss the water moccasin.
You feel very sick. The water moccasin bites you.
You are more poisoned.
The water moccasin poisons you!
You scratch the water moccasin.
The water moccasin is lightly wounded.
You feel extremely sick. The water moccasin barely misses you.
The water moccasin bites you!
* * * LOW HITPOINT WARNING * * *
You scratch the water moccasin.
The water moccasin is lightly wounded.
* * * LOW HITPOINT WARNING * * *
You feel very sick.
The water moccasin bites you but does no damage.
* * * LOW HITPOINT WARNING * * *
You feel very sick.
* * * LOW HITPOINT WARNING * * *
You feel very sick.
As you read the scroll of identify, it crumbles to dust.
f - a potion of degeneration You die...

#.......###.#.# .
##.............# .# #
#.......#.(....##.#
#.##.#.....#.........#
..#!#.................###
.......................#
#.........8..>...#
#.<..(....>@S...#
.........#...##8.....#
.#..(...######...#.###
#..#.... #..##..#
#......# #.# .##
#....#.## .$. .## .......
#.## . ...... .. ..


You could see a water moccasin.

Vanquished Creatures
  A black bear (D:4)
  An orc wizard (D:3)
  2 adders (D:2)
  2 worms (D:2)
  A dart slug (D:1)
  3 orcs (D:3)
  4 bats
  2 endoplasms
  4 giant cockroaches
  9 goblins
  3 hobgoblins
  3 jackals (D:1)
  2 quokkas (D:1)
  4 ball pythons
  A frilled lizard (D:1)
  2 kobolds (D:1)
  7 rats
51 creatures vanquished.

Notes
Turn   | Place    | Note
-------+----------+-------------------------------------------
     0 | D:1      | jsc133 the Troll Berserker began the quest for the Orb.
     0 | D:1      | Reached XP level 1. HP: 22/22 MP: 0/0
   139 | D:1      | Reached XP level 2. HP: 26/29 MP: 1/1
   467 | D:1      | Reached ** piety under Trog
   468 | D:1      | Reached XP level 3. HP: 36/36 MP: 2/2
  1583 | D:3      | Reached XP level 4. HP: 45/45 MP: 3/3
  1914 | D:3      | Reached skill level 4 in Unarmed Combat
  1956 | D:3      | Found Imack's Assorted Antiques.
  2165 | D:4      | Found a staircase to the Ecumenical Temple.
  2169 | D:4      | Noticed a black bear
  2176 | D:4      | Noticed a water moccasin
  2177 | D:4      | Killed a black bear
  2178 | D:4      | Reached XP level 5. HP: 45/53 MP: 4/4
  2189 | D:4      | HP: 2/53 [poisoned by a water moccasin]
  2190 | D:4      | Succumbed to a water moccasin's poison

Illustrated notes

Levels and vault maps discovered:
D:1:      scummos_arrival_star, layout_basic,
          dilly_ecumenical_altar_fadedgnrine, minmay_tetromino_o4
D:2:      minmay_evil_eye, layout_basic
D:3:      layout_basic, serial_shops, nicolae_shop_stone
D:4:      layout_rooms, grunt_temple_overflow_open, temple_statues,
          minmay_manual_moon

Skill      XL: |  1  2  3  4 |
---------------+-------------+-----
Dodging        | 3 |  3.5
Fighting       | 3 |  3.1
Unarmed Combat | 4 |  4.7
Stealth        | |  0.1

Action                   |  1- 3 |  4- 6 || total
-------------------------+-------+-------++-------
Melee: Unarmed           |   100 |    40 ||   140
       Punch             |     1 |     1 ||     2
  Use: Scroll            |     2 |     1 ||     3
Armor: Animal skin       |    46 |    21 ||    67
Dodge: Dodged            |    58 |    25 ||    83
